 Dungeon Crawl Stone Soup version 0.23.0 (webtiles) character file.

Game seed: 12001953530378180699

607708 inmateoo the Axe Maniac (level 26, -5/249 (254) HPs)
             Began as a Hill Orc Berserker on Feb 10, 2019.
             Was the Champion of the Shining One.
             Slain by an angel
             ... wielding a +3 sacred scourge of holy wrath
              (19 damage)
             ... on level 3 of the Depths.
             The game lasted 01:41:39 (59529 turns).

inmateoo the Axe Maniac (Hill Orc Berserker)       Turns: 59529, Time: 01:41:40

HP:   -5/249 (254)  AC: 39    Str: 34 (37) XL:     26   Next: 86%
MP:   12/12         EV: 14    Int: 15      God:    the Shining One [******]
Gold: 1016          SH: 10    Dex: 11      Spells: 22/35 levels left

rFire    + + +     SeeInvis +   y - +9 broad axe (antimagic)
rCold    + + .     Gourm    .   T - +3 warlock's mirror {reflect}
rNeg     + + +     Faith    .   J - +7 gold dragon scales
rPois    +         Spirit   .   (helmet restricted)
rElec    .         Reflect  +   t - scarf {cloud immunity}
rCorr    .         Harm     .   w - +3 pair of gauntlets of War {Slay+5}
MR       +++++                  K - +2 pair of boots {Fly}
Stlth    ..........             b - amulet of Mechus {MR+ Regen+ Str+2 Int+2}
HPRegen  0.91/turn              S - ring of Sivoexouri {rF+++ MR+ Int+4 Dex+3 SInv}
MPRegen  0.13/turn              N - ring of Semoamergh {rC+ MR++ Str+3 Dex-2}

@: about to teleport, glowing
A: antennae 1, blink, clever 1, mutation resistance 1, poison resistance
}: 5/15 runes: decaying, demonic, magical, dark, gossamer
a: Blink, Divine Shield, Cleansing Flame, Summon Divine Warrior, Renounce
Religion, Evoke Flight


You were on level 3 of the Depths.
You worshipped the Shining One.
The Shining One was exalted by your worship.
You were full.

You visited 10 branches of the dungeon, and saw 47 of its levels.
You visited Pandemonium 1 time, and saw 10 of its levels.

You collected 7025 gold pieces.
You spent 6009 gold pieces at shops.

Inventory:

Hand Weapons
 m - a +4 broad axe of chopping
 q - a +9 broad axe of holy wrath
 y - a +9 antimagic broad axe (weapon)
Armour
 t - a scarf of cloud immunity (worn)
 w - the +3 pair of gauntlets of War (worn) {Slay+5}
   (You acquired it in Pandemonium)

   It affects your accuracy and damage with ranged weapons and melee attacks
   (+5).
 C - a scarf of repulsion
 J - +7 gold dragon scales (worn)
 K - a +2 pair of boots of flying (worn)
 T - the +3 warlock's mirror (worn) {reflect}
   (You found it on level 1 of the Swamp)
 Z - the +0 Maxwell's etheric cage {RegenMP+ *Contam rElec MP+4}
   (You found it on level 2 of the Lair of Beasts)

   It insulates you from electricity.
   It affects your magic capacity (+4).
   It causes magical contamination when unequipped.
Jewellery
 b - the amulet of Mechus (around neck) {MR+ Regen+ Str+2 Int+2}
   (You bought it in a shop on level 1 of the Depths)

   [amulet of regeneration]

   It affects your strength (+2).
   It affects your intelligence (+2).
   It affects your resistance to hostile enchantments.
   It increases your rate of regeneration.
 d - a +3 ring of protection
 i - a +5 ring of slaying
 I - the ring "Ixocias" {rC+ rN+}
   (You found it on level 14 of the Dungeon)

   [ring of positive energy]

   It protects you from cold.
   It protects you from negative energy.
 N - the ring of Semoamergh (right hand) {rC+ MR++ Str+3 Dex-2}
   (You found it on level 3 of the Depths)

   [ring of protection from cold]

   It affects your strength (+3).
   It affects your dexterity (-2).
   It protects you from cold.
   It affects your resistance to hostile enchantments.
 O - the ring "Eduj" {rCorr Str+4 Int+4}
   (You found it on level 12 of the Dungeon)

   [ring of resist corrosion]

   It affects your strength (+4).
   It affects your intelligence (+4).
 S - the ring of Sivoexouri (left hand) {rF+++ MR+ Int+4 Dex+3 SInv}
   (You took it off a deep elf mage on level 3 of the Elven Halls)

   [ring of protection from magic]

   It affects your intelligence (+4).
   It affects your dexterity (+3).
   It renders you almost immune to fire.
   It affects your resistance to hostile enchantments.
   It lets you see invisible.
Wands
 g - a wand of acid (28)
 k - a wand of iceblast (35)
 x - a wand of paralysis (40)
 G - a wand of disintegration (28)
 R - a wand of polymorph (10)
 W - a wand of digging (15)
Scrolls
 a - 11 scrolls of identify
 h - 8 scrolls of teleportation
 n - 8 scrolls of fear
 o - 30 scrolls of remove curse
 p - a scroll of amnesia
 r - 3 scrolls of holy word
 u - 11 scrolls of fog
 v - 10 scrolls of magic mapping
 z - a scroll of brand weapon
 D - 2 scrolls of silence
 Y - 7 scrolls of blinking
Potions
 e - 5 potions of haste
 f - 8 potions of magic
 j - 3 potions of agility
 l - 11 potions of ambrosia
 A - 2 potions of cancellation
 B - 11 potions of heal wounds
 E - 10 potions of brilliance
 F - 23 potions of curing
 H - 5 potions of resistance
 P - 5 potions of might
 Q - 9 potions of mutation
 X - 2 potions of berserk rage
Miscellaneous
 s - a lamp of fire
 L - a phial of floods
 M - a lightning rod (4/4)
Comestibles
 c - 49 rations


   Skills:
 + Level 23.8 Fighting
 O Level 27 Axes
 - Level 21.0 Armour
 - Level 16.0 Dodging
 - Level 12.0 Shields
 + Level 5.3 Spellcasting
 + Level 6.4 Charms
 + Level 5.9 Translocations
 * Level 20.1 Invocations
 - Level 7.0 Evocations


You had 22 spell levels left.
You knew the following spells:

 Your Spells              Type           Power        Failure   Level  Hunger
a - Blink                 Tloc           N/A          14%         2    #......
b - Shroud of Golubria    Chrm/Tloc      ###.......   13%         2    #......
c - Song of Slaying       Chrm           ###.....     12%         2    #......
d - Spectral Weapon       Hex/Chrm       ##......     65%         3    ###....
e - Passage of Golubria   Tloc           N/A          67%         4    ####...

Your spell library contained the following spells:

 Spells                   Type           Power        Failure   Level  Hunger
 Infusion                 Chrm           ###.         8%          1    None
 Gell's Gravitas          Tloc           ###.......   28%         3    ###....
 Lesser Beckoning         Tloc           ###.......   28%         3    ###....
 Teleport Other           Tloc           ###.....     28%         3    ###....
 Swiftness                Chrm/Air       ##......     41%         2    #......
 Regeneration             Chrm/Necr      ##........   65%         3    ###....
 Confusing Touch          Hex            #.....       73%         1    None
 Flame Tongue             Conj/Fire      #....        73%         1    None
 Shock                    Conj/Air       #...         73%         1    None
 Summon Butterflies       Summ           #.......     73%         1    None
 Poisonous Vapours        Pois/Air       #.....       86%         2    #......
 Throw Flame              Conj/Fire      #.....       86%         2    #......
 Call Canine Familiar     Summ           #.......     97%         3    ###....
 Confuse                  Hex            #.......     97%         3    ###....
 Conjure Flame            Conj/Fire      #.......     97%         3    ###....
 Inner Flame              Hex/Fire       #.......     97%         3    ###....
 Mephitic Cloud           Conj/Pois/Air  #.......     97%         3    ###....
 Static Discharge         Conj/Air       #.......     97%         3    ###....
 Airstrike                Air            #.........   100%        4    ####...
 Petrify                  Tmut/Erth      #.......     100%        4    ####...
 Sticky Flame             Conj/Fire      #.......     100%        4    ####...
 Summon Ice Beast         Ice/Summ       #.......     100%        4    ####...
 Fireball                 Conj/Fire      #.........   100%        5    ######.
 Lightning Bolt           Conj/Air       #.........   100%        5    ######.
 Metabolic Englaciation   Hex/Ice        #.........   100%        5    ######.
 Summon Mana Viper        Hex/Summ       #.......     100%        5    ######.
 Yara's Violent Unravell  Hex/Tmut       #.........   100%        5    ######.
 Freezing Cloud           Conj/Ice/Air   #.........   100%        6    #######
 Ring of Flames           Chrm/Fire      ##........   100%        7    #######
 Summon Hydra             Summ           #.........   100%        7    #######


Dungeon Overview and Level Annotations

Branches:
Dungeon (15/15)            Temple (1/1) D:4            Lair (6/6) D:11
  Swamp (4/4) Lair:3       Spider (4/4) Lair:4        Slime (0/5) Lair:6
    Orc (2/2) D:12            Elf (3/3) Orc:2        Vaults (4/5) D:14
  Crypt (3/3) Vaults:3       Tomb (0/3) Crypt:3      Depths (5/5) D:15
    Zot (0/5) Depths:5

Altars:
Ashenzari
Cheibriados
Dithmenos
Elyvilon
Fedhas
Gozag
Hepliaklqana
Kikubaaqudgha
Makhleb
Nemelex Xobeh
Okawaru
Qazlal
Ru
Sif Muna
Trog
Uskayaw
Vehumet
Wu Jian
Xom
Yredelemnul
Zin
The Shining One
Beogh
Jiyva

Shops:
D:7 %(}   D:8 *   D:12 [   Orc:1 *   Orc:2 *(=:[   Elf:2 :   Vaults:1 **:
Vaults:2 (   Vaults:4 (   Depths:1 =[=:   Depths:2 }=}   Depths:5 ![:(

Portals:
Hell: Depths:1 Depths:2 Depths:3 Depths:4 Depths:5
Abyss: Depths:2 Depths:4 Depths:5
Pandemonium: Depths:3
Ziggurat: Depths:1
Trove: D:14 (give +3 gold dragon scales)

Annotations:
D:3 Tiagovsky's ghost, amateur DDFi
D:4 Gorice's ghost, amateur HOWn
Elf:2 3 runed translucent doors
Vaults:3 8 runed translucent doors, AgonHex's ghost, veteran HOFi


Innate Abilities, Weirdness & Mutations

You have a pair of small antennae on your head.
You can translocate small distances at will.
Your mind is acute. (Int +2)
You are somewhat resistant to further mutation.
Your system is resistant to poisons. (rPois)


Message History

* * * LOW HITPOINT WARNING * * *
The angel hits you but does no damage. x3; You block the angel's attack.
The angel hits you but does no damage.
Unknown command.
You hit the angel but do no damage.
The angel is moderately wounded.
You closely miss the angel. You slash the angel!
The angel's magic leaks into the air.
The angel hits you but does no damage. x4
The angel hits you with a +3 sacred scourge of holy wrath!!
* * * LOW HITPOINT WARNING * * *
The angel closely misses you.
Unknown command.
Unknown command.
As you read the scroll of teleportation, it crumbles to dust.
You feel strangely unstable. The angel hits you but does no damage.
You block the angel's attack. x2; The angel misses you.
The angel hits you with a +3 sacred scourge of holy wrath!
* * * LOW HITPOINT WARNING * * *
The angel hits you with a +3 sacred scourge of holy wrath!!
You die...

############...#≈≈..........#
#....#....'....#≈≈..........#
##....#....######≈§≈.........#
.'.}}=#......###≈≈§≈≈........#
.#...=#.......######≈≈.......#
.###########)..'...#≈§.......#
.#..).....)'.).#.).#≈§.......#
.#.##..#########AA.#§≈.......#
##..####.......#@A.#≈≈§......#
.....##........#####§≈.......#
......#........#≈§§§§........##
......#.#.#.#..#≈≈≈≈§§........##
......'.......)'..§............##
......'........'.............>.).
......'.......))..§...........)##
^.....#.#.#.#..#≈≈§≈..........##
......#........#≈≈§≈≈§§......##


You could see 3 angels.

Vanquished Creatures
  Gloorx Vloq (Pan)
  Lom Lobon (Pan)
  An ancient lich (Crypt:3)
  Mennas (Pan)
  A caustic shrike (Depths:4)
  A pearl dragon (Pan)
  A bone dragon (Crypt:3)
  2 golden dragons
  A Tzitzimitl (Pan)
  2 tentacled monstrosities
  3 liches
  A titan (Depths:4)
  2 deep elf master archers (Elf:3)
  A quicksilver dragon (Depths:4)
  A pandemonium lord (Pan)
  Gastronok (Lair:2)
  6 large abominations
  14 Executioners (Pan)
  3 deep elf blademasters (Elf:3)
  4 sphinxes
  2 thorn hunters
  Kirke (Spider:1)
  2 tengu reavers
  5 storm dragons
  A shadow dragon (Depths:5)
  12 fire giants
  Roxanne (Spider:2)
  4 frost giants
  The ghost of EtherCrawl the Fencer, a journeyman MiBe of Trog (Swamp:3)
  A revenant (Crypt:2)
  9 vault wardens
  A blood saint (Pan)
  7 deep elf sorcerers
  A caustic shrike zombie (Crypt:2)
  2 draconian knights (Depths:5)
  5 ghost moths
  2 cacodemons (Pan)
  5 emperor scorpions
  An orc warlord (Orc:2)
  2 curse skulls (Pan)
  Aizul (Crypt:1)
  3 balrugs (Pan)
  Louise (Depths:4)
  8 deep elf elementalists
  3 ghouls
  2 warmongers (Pan)
  38 very ugly things
  3 spriggan defenders
  9 war gargoyles
  2 angels (Pan)
  12 ironheart preservers
  2 reapers (Pan)
  A corrupter (Pan)
  An ophan (Pan)
  16 stone giants
  2 entropy weavers (shapeshifter) (Depths:3)
  Nessos (D:15)
  7 apis (Pan)
  13 vampire knights
  5 deep elf demonologists
  2 red draconians (Depths:5)
  A yellow draconian (Depths:5)
  4 black suns (Pan)
  A white draconian (shapeshifter) (Depths:3)
  A purple draconian (Depths:5)
  The ghost of Akransas the Markscentaur, a journeyman CeMo of Okawaru (D:12)
  A black draconian (Depths:5)
  6 spark wasps
  11 deep elf annihilators
  3 eidola (Crypt:1)
  5 lorocyprocas (Pan)
  7 ettins
  5 green deaths (Pan)
  Snorg (Lair:6)
  7 deep elf death magi
  4 blizzard demons
  9 fire dragons
  Josephine (D:10)
  18 crystal guardians
  13 yaktaur captains
  3 deep elf high priests (Elf:3)
  9 jiangshi
  4 great orbs of eyes
  Fannar (Orc:1)
  A quicksilver dragon skeleton (Crypt:3)
  5 ice dragons
  10 ogre magi
  Harold (Lair:2)
  24 hydras
  2 hydras (shapeshifter)
  7 rakshasas
  2 vault guards (Vaults:2)
  4 spriggan air magi
  A catoblepas (D:14)
  3 ghost crabs
  2 monstrous demonspawn (Pan)
  3 shambling mangroves
  9 alligators
  3 death knights
  The ghost of Haraddelas the Transmogrifier, a journeyman OpTm of Okawaru (Lair:2)
  A queen ant (Lair:2)
  31 two-headed ogres
  11 centaur warriors
  32 dancing weapons
  3 tengu warriors
  A deep troll earth mage (Depths:2)
  2 deep troll shamans
  9 vampire magi
  3 spriggan berserkers
  7 soul eaters (Pan)
  A shock serpent (Depths:3)
  2 orc high priests (Orc:2)
  5 titan zombies
  3 spriggans
  10 sun demons (Pan)
  Nergalle (Orc:1)
  18 deep elf knights
  4 iron trolls
  14 hell knights
  2 spriggan druids
  14 glowing orange brains
  A storm dragon skeleton (Pan)
  8 deep trolls
  21 skeletal warriors
  5 sixfirhies (Pan)
  A small abomination (Elf:3)
  10 shadow wraiths
  2 unseen horrors
  2 infernal demonspawn (Pan)
  An anaconda zombie (Crypt:2)
  7 ironbrand convokers
  2 torturous demonspawn (Pan)
  10 wizards
  A gelid demonspawn (Pan)
  11 deep elf archers
  9 flayed ghosts
  12 swamp dragons
  4 shadow demons (Pan)
  2 golden dragon skeletons (Pan)
  4 obsidian statues (Depths:3)
  2 lindwurms (Lair:6)
  10 phantasmal warriors
  62 deep elf magi
  A harpy (D:12)
  2 anaconda skeletons (Crypt:3)
  18 orc knights
  17 necromancers
  A cyclops (shapeshifter) (D:15)
  13 orb spiders
  28 wolf spiders
  A wolf spider (shapeshifter) (Elf:2)
  37 ugly things
  A wolf spider zombie (Crypt:2)
  19 cyclopes
  A fire giant zombie (Depths:4)
  4 manticores
  3 oklob plants (Lair:4)
  3 orc sorcerers
  2 moths of wrath (shapeshifter)
  2 salamanders
  A manticore (shapeshifter) (Depths:3)
  2 frost giant skeletons
  2 moths of wrath
  5 black mambas
  A centaur zombie (D:14)
  A rust devil (Pan)
  A dire elephant zombie (Crypt:1)
  2 fire giant skeletons
  2 stone giant skeletons (Crypt:3)
  Joseph (D:7)
  9 vault sentinels
  3 gargoyles
  A storm dragon simulacrum (Vaults:2)
  10 torpor snails
  13 smoke demons (Pan)
  3 orange demons (Pan)
  3 molten gargoyles (Depths:3)
  A spiny frog (shapeshifter) (Vaults:3)
  A yellow draconian zombie (Crypt:1)
  15 spiny frogs
  An emperor scorpion zombie (Crypt:1)
  6 swamp worm zombies (Crypt:1)
  3 rime drakes
  A kobold demonologist (D:15)
  43 yaktaurs
  An elf zombie (Depths:4)
  A rime drake (shapeshifter) (D:15)
  16 demonic crawlers
  20 hellwings (Pan)
  14 freezing wraiths
  An anaconda simulacrum (Crypt:1)
  7 komodo dragons
  The ghost of appiemonkey the Ruffian, an amateur TrMo (Temple)
  3 catoblepas skeletons
  An ice devil (Depths:2)
  2 tengu conjurers
  A queen ant zombie (Crypt:2)
  The ghost of matthes123 the Chopper, an amateur MiFi (D:4)
  8 red devils (Pan)
  A troll (shapeshifter) (Vaults:1)
  5 polar bears
  28 jumping spiders
  A polar bear (shapeshifter) (Depths:1)
  8 trolls
  A wolf spider simulacrum (D:15)
  2 hornets (shapeshifter)
  35 hornets
  2 fire dragon zombies
  9 blink frogs
  2 hippogriffs (shapeshifter)
  3 wind drakes (Depths:3)
  2 harpy skeletons
  10 bog bodies
  11 dream sheep (Lair:6)
  6 hippogriffs
  13 tyrant leeches
  An iron dragon simulacrum (Crypt:1)
  A tyrant leech (shapeshifter) (Depths:3)
  40 slime creatures
  A fire dragon skeleton (Pan)
  A fire giant simulacrum (Crypt:1)
  A meliai zombie (D:15)
  17 wraiths
  72 redbacks
  40 tarantellas
  28 flying skulls (Crypt:3)
  29 water elementals
  A spriggan (shapeshifter) (Vaults:2)
  2 alligator skeletons
  3 wyverns
  10 air elementals
  A hog (shapeshifter) (Vaults:1)
  6 shadows
  39 yaks
  3 ynoxinuls (Pan)
  2 fire bats (Depths:1)
  A basilisk (shapeshifter) (Vaults:3)
  4 black mamba skeletons
  8 fire elementals
  12 vampire mosquitoes
  5 hogs (Spider:1)
  5 basilisks
  3 hungry ghosts
  3 neqoxecs (Pan)
  A chaos spawn (Pan)
  4 human simulacra
  18 swamp worms
  7 wargs
  A two-headed ogre zombie (Crypt:1)
  2 harpy simulacra
  7 soldier ants (Lair:2)
  3 acid dragons
  11 hell hounds
  5 insubstantial wisps
  9 water moccasins
  11 porcupines
  The ghost of Masnef the Vexing, an amateur TeEn (D:4)
  A floating eye (Depths:1)
  A deep troll skeleton (Crypt:2)
  An infernal demonspawn skeleton (Crypt:2)
  A merfolk skeleton (Pan)
  9 swamp drakes (Swamp:4)
  56 orc warriors
  4 sky beasts
  A hornet zombie (D:12)
  4 ice beasts
  2 black bears (shapeshifter)
  10 black bears
  4 necrophages
  47 ogres
  A boggart (shapeshifter) (Depths:4)
  2 phantoms (D:7)
  5 wolves
  15 centaurs
  An elephant skeleton (Crypt:2)
  15 boggarts
  A snapping turtle skeleton (Crypt:3)
  11 crocodiles
  A dream sheep skeleton (Crypt:1)
  A yaktaur zombie (Crypt:2)
  3 big kobolds
  A big kobold (shapeshifter) (D:15)
  13 bullfrogs
  10 earth elementals
  2 wyvern zombies
  A deep troll simulacrum (Vaults:1)
  6 scorpions
  2 troll zombies (Swamp:2)
  17 killer bees
  5 electric eels
  17 wights
  2 howler monkeys (D:9)
  5 crimson imps
  7 hounds
  A bullfrog skeleton (D:7)
  A bullfrog zombie (D:12)
  25 orc priests
  A human zombie (Crypt:1)
  5 jellies
  26 orc wizards
  3 iguanas
  Jessica (D:2)
  8 centaur skeletons
  37 worker ants
  2 killer bee zombies
  An ogre zombie (Crypt:2)
  A hound zombie (D:5)
  A hound skeleton (D:8)
  A worker ant zombie (D:5)
  9 gnolls
  16 adders
  A swamp drake skeleton (Crypt:2)
  2 shadow imps
  2 oozes
  A worm zombie (Crypt:1)
  An adder zombie (D:9)
  An adder skeleton (D:4)
  8 worms
  A ball lightning (Depths:3)
  2 dart slugs (D:2)
  5 leopard geckos
  A leopard gecko (shapeshifter) (Depths:5)
  134 orcs
  2 ball pythons
  8 bats
  5 giant cockroaches
  4 goblins
  6 hobgoblins
  21 jackals
  5 quokkas
  A ball python zombie (Crypt:1)
  4 frilled lizards
  2 jackal skeletons
  23 kobolds
  A kobold skeleton (Crypt:1)
  A leopard gecko zombie (D:6)
  13 rats
  6 briar patches
  3 crawling corpses
  10 fungi
  9 plants
2426 creatures vanquished.

Vanquished Creatures (collateral kills)
  A spark wasp (Spider:4)
  A wolf spider (Spider:4)
  A jumping spider (Spider:4)
  A bullfrog (Lair:4)
4 creatures vanquished.

Vanquished Creatures (others)
  A fire giant (Vaults:4)
  A centaur warrior (Vaults:2)
  3 deep elf knights
  A shadow demon (Pan)
  2 wizards
  A necromancer (Depths:2)
  2 yaktaurs
  A hornet (Spider:2)
  A wraith (Crypt:2)
  A human (Spider:1)
  An insubstantial wisp (Depths:3)
  An ogre (Depths:2)
  A boggart (Depths:2)
  2 centaurs
  An orc wizard (D:15)
  7 ball lightnings (Depths:3)
  A leopard gecko (D:10)
  An orc (D:15)
  3 briar patches (Swamp:4)
  3 fungi
  28 plants
63 creatures vanquished.

Grand Total: 2493 creatures vanquished

Notes
Turn   | Place    | Note
-------+----------+-------------------------------------------
     0 | D:1      | inmateoo the Hill Orc Berserker began the quest for the
                  | Orb.
     0 | D:1      | Reached XP level 1. HP: 19/19 MP: 1/1
   395 | D:1      | Reached XP level 2. HP: 17/27 MP: 2/2
   844 | D:1      | Reached XP level 3. HP: 32/33 MP: 3/3
  1040 | D:2      | Found a shadowy altar of Dithmenos.
  1153 | D:2      | Reached ** piety under Trog
  1161 | D:2      | Noticed Jessica
  1378 | D:2      | Killed Jessica
  1378 | D:2      | Reached skill level 5 in Axes
  1378 | D:2      | Reached XP level 4. HP: 18/40 MP: 4/4
  1555 | D:2      | Noticed a sky beast
  1575 | D:2      | Killed a sky beast
  1575 | D:2      | Reached XP level 5. HP: 24/47 MP: 5/5
  1798 | D:2      | Reached skill level 6 in Axes
  2446 | D:3      | Noticed an ogre
  2455 | D:3      | Killed an ogre
  2455 | D:3      | Reached XP level 6. HP: 55/55 MP: 6/6
  2590 | D:3      | Reached skill level 5 in Fighting
  3285 | D:4      | Reached skill level 7 in Axes
  3309 | D:4      | Found a blossoming altar of Fedhas.
  3349 | D:4      | Reached *** piety under Trog
  3349 | D:4      | Reached XP level 7. HP: 48/61 MP: 7/7
  3737 | D:4      | Found a runed translucent gate.
  3737 | D:4      | Found a runed translucent gate.
  3737 | D:4      | Found a runed translucent gate.
  3737 | D:4      | Noticed Masnef's ghost (amateur TeEn)
  3737 | D:4      | Noticed Gorice's ghost (amateur HOWn)
  3738 | D:4      | Noticed appiemonkey's ghost (amateur TrMo)
  3738 | D:4      | Noticed matthes123's ghost (amateur MiFi)
  3738 | D:4      | Noticed Tiagovsky's ghost (amateur DDFi)
  3789 | D:4      | Killed Masnef's ghost
  3789 | D:4      | Reached skill level 8 in Axes
  3830 | D:3      | Gained mutation: You are partially covered in yellow
                  | scales. (AC +2) [potion of mutation]
  3830 | D:3      | Gained mutation: You do not regenerate when monsters are
                  | visible. [potion of mutation]
  3830 | D:3      | Gained mutation: You can translocate small distances at
                  | will. [potion of mutation]
  3830 | D:3      | Gained mutation: You have large cloven feet. [potion of
                  | mutation]
  4137 | D:4      | Found a staircase to the Ecumenical Temple.
  4147 | Temple   | Entered the Ecumenical Temple
  4163 | Temple   | Killed appiemonkey's ghost
  4163 | Temple   | Reached XP level 8. HP: 70/70 MP: 8/8
  4242 | D:4      | Reached skill level 5 in Armour
  4596 | D:5      | Entered Level 5 of the Dungeon
  4617 | D:5      | Reached skill level 9 in Axes
  4636 | D:5      | Found a bloodstained altar of Trog.
  4654 | D:5      | Lost mutation: You have large cloven feet. [potion of
                  | mutation]
  4654 | D:5      | Lost mutation: You do not regenerate when monsters are
                  | visible. [potion of mutation]
  4654 | D:5      | Lost mutation: You are partially covered in yellow scales.
                  | (AC +2) [potion of mutation]
  4654 | D:5      | Gained mutation: Your mind is acute. (Int +2) [potion of
                  | mutation]
  4654 | D:5      | Gained mutation: You are clumsy. (Dex -2) [potion of
                  | mutation]
  4654 | D:5      | Gained mutation: Your system is resistant to poisons.
                  | (rPois) [potion of mutation]
  4804 | D:5      | Reached **** piety under Trog
  5453 | D:5      | Reached skill level 10 in Axes
  5453 | D:5      | Reached XP level 9. HP: 61/79 MP: 9/9
  5572 | D:5      | Found a white marble altar of Elyvilon.
  5824 | D:6      | Reached skill level 1 in Shields
  6314 | D:6      | Reached skill level 11 in Axes
  6366 | D:6      | Reached ***** piety under Trog
  6373 | D:6      | Reached skill level 5 in Dodging
  6940 | D:7      | Found Jibeussigyo's Weapon Shoppe.
  7060 | D:7      | Found Item's Food Shoppe.
  7272 | D:7      | Reached XP level 10. HP: 73/88 MP: 10/10
  7442 | D:7      | Found Reyneet's Gadget Shop.
  7487 | D:7      | Found a white marble altar of Elyvilon.
  7688 | D:7      | Noticed Joseph
  7710 | D:7      | Killed Joseph
  7821 | D:8      | Reached skill level 12 in Axes
  8461 | D:8      | Found Heguew's Humungous Hoard.
  8467 | D:8      | Bought a +2 hat for 224 gold pieces
  8467 | D:8      | Bought a potion of haste for 140 gold pieces
  8467 | D:8      | Bought a potion of heal wounds for 70 gold pieces
  8679 | D:8      | Found an opulent altar of Gozag.
  8682 | D:8      | Found a glowing silver altar of Zin.
  8685 | D:8      | Found a sparkling altar of Nemelex Xobeh.
  8899 | D:9      | Received a gift from Trog
  9046 | D:9      | Reached skill level 13 in Axes
  9455 | D:10     | Entered Level 10 of the Dungeon
  9629 | D:10     | Noticed Josephine
  9636 | D:10     | Reached XP level 11. HP: 96/97 MP: 11/11
  9641 | D:10     | Killed Josephine
 10295 | D:11     | Found a sacrificial altar of Ru.
 10424 | D:11     | Reached skill level 14 in Axes
 10469 | D:11     | Reached skill level 10 in Fighting
 10473 | D:11     | Noticed a cyclops
 10478 | D:11     | Found a staircase to the Lair.
 10500 | D:11     | Killed a cyclops
 10568 | D:11     | Received a gift from Trog
 10659 | D:11     | Noticed a deep elf mage
 10671 | D:11     | Killed a deep elf mage
 10753 | D:11     | Noticed a two-headed ogre
 10761 | D:11     | Killed a two-headed ogre
 10820 | D:11     | Reached ****** piety under Trog
 11152 | D:12     | Reached skill level 15 in Axes
 11152 | D:12     | Reached XP level 12. HP: 108/108 MP: 12/12
 11167 | D:12     | Noticed a two-headed ogre
 11186 | D:12     | Killed a two-headed ogre
 11470 | D:12     | Found a transporter.
 11471 | D:12     | Noticed an eight-headed hydra
 11484 | D:12     | Found Soduc's Antique Armour Shoppe.
 11496 | D:12     | Noticed an eight-headed hydra
 11514 | D:12     | Noticed Akransas's ghost (journeyman CeMo)
 11777 | D:11     | Killed an eight-headed hydra
 11842 | D:12     | Reached skill level 10 in Armour
 11849 | D:12     | Found a transporter.
 11884 | D:12     | Bought a pair of runed boots for 180 gold pieces
 11890 | D:12     | Noticed a five-headed hydra
 11903 | D:12     | Killed a five-headed hydra
 11903 | D:12     | Reached skill level 16 in Axes
 11960 | D:12     | Noticed an eight-headed hydra
 12111 | D:11     | Killed an eight-headed hydra
 12401 | D:12     | Got a shimmering marble ring
 12422 | D:12     | Noticed an eight-headed hydra
 12450 | D:12     | Killed an eight-headed hydra
 12481 | D:12     | Identified the ring "Qifygengi" {Dex+8 Slay+3 Stlth-} (You
                  | found it on level 12 of the Dungeon)
 12834 | D:12     | Received a gift from Trog
 12855 | D:12     | Found a staircase to the Orcish Mines.
 12957 | D:12     | Reached XP level 13. HP: 117/117 MP: 13/13
 13598 | D:12     | Killed Akransas's ghost
 13598 | D:12     | Reached skill level 17 in Axes
 13600 | D:12     | Got a sparkling marble ring
 13617 | D:12     | Identified the ring "Eduj" {rCorr Str+4 Int+4} (You found
                  | it on level 12 of the Dungeon)
 14494 | D:14     | Found a portal to a secret trove of treasure.
 14506 | D:14     | Got a faintly glowing copper ring
 14532 | D:14     | Identified the ring "Ixocias" {rC+ rN+} (You found it on
                  | level 14 of the Dungeon)
 14611 | D:14     | Noticed an ironheart preserver
 14612 | D:14     | Found a gate to the Vaults.
 14630 | D:14     | Killed an ironheart preserver
 15158 | D:14     | Reached skill level 18 in Axes
 15284 | D:15     | Entered Level 15 of the Dungeon
 15306 | D:15     | Noticed Nessos
 15330 | D:15     | Noticed an ogre mage
 15352 | D:15     | Killed Nessos
 15525 | D:15     | Killed an ogre mage
 15525 | D:15     | Received a gift from Trog
 15537 | D:15     | Reached XP level 14. HP: 91/127 MP: 14/14
 16439 | D:15     | Found a staircase to the Depths.
 16686 | D:15     | Reached skill level 19 in Axes
 17581 | Lair:1   | Entered Level 1 of the Lair of Beasts
 18139 | Lair:2   | Noticed Gastronok
 18157 | Lair:2   | Killed Gastronok
 18287 | Lair:2   | Found a runed translucent gate.
 18287 | Lair:2   | Found a runed translucent gate.
 18287 | Lair:2   | Found a runed translucent gate.
 18288 | Lair:2   | Noticed Haraddelas's ghost (journeyman OpTm)
 18310 | Lair:2   | Killed Haraddelas's ghost
 18351 | Lair:2   | Found the +0 Maxwell's etheric cage {RegenMP+ *Contam rElec
                  | MP+4}
 18426 | Lair:2   | Received a gift from Trog
 18607 | Lair:2   | Noticed Harold
 18617 | Lair:2   | Killed Harold
 18617 | Lair:2   | Reached skill level 10 in Dodging
 18945 | Lair:3   | Found a staircase to the Swamp.
 18956 | Lair:3   | Reached XP level 15. HP: 137/137 MP: 15/15
 19898 | Lair:4   | Reached skill level 20 in Axes
 19959 | Lair:4   | Received a gift from Trog
 19990 | Lair:4   | Found a hole to the Spider Nest.
 20829 | Lair:5   | Identified a scroll of acquirement
 21286 | Lair:6   | Entered Level 6 of the Lair of Beasts
 21292 | Lair:6   | Noticed Sonja
 21308 | Lair:6   | Noticed Sonja
 21308 | Lair:6   | Sonja changed into Sonja the ogre
 21311 | Lair:6   | Killed Sonja the ogre
 21414 | Lair:6   | Noticed Snorg
 21422 | Lair:6   | Killed Snorg
 21447 | Lair:6   | Found a viscous altar of Jiyva.
 21449 | Lair:6   | Found a staircase to the Slime Pits.
 21763 | Lair:6   | Received a gift from Trog
 22105 | Lair:6   | Found a runed translucent door.
 22170 | Lair:6   | Paralysed by a hornet for 3 turns
 22836 | Orc:1    | Entered Level 1 of the Orcish Mines
 22836 | Orc:1    | Noticed Fannar
 22844 | Orc:1    | Killed Fannar
 22844 | Orc:1    | Noticed Nergalle
 22859 | Orc:1    | Killed Nergalle
 23142 | Orc:1    | Reached skill level 21 in Axes
 23187 | Orc:1    | Found Luipnuink's Assorted Antiques.
 23190 | Orc:1    | Bought 2 potions of curing for 150 gold pieces
 23350 | Orc:1    | Found a roughly hewn altar of Beogh.
 23384 | Orc:1    | Received a gift from Trog
 23405 | Orc:1    | Identified the +10 hand axe of Kofowa {venom, +Inv} (Trog
                  | gifted it to you on level 1 of the Orcish Mines)
 23588 | Orc:2    | Entered Level 2 of the Orcish Mines
 23588 | Orc:2    | Found Ceoqus's General Store.
 23588 | Orc:2    | Noticed an orc warlord
 23599 | Orc:2    | Reached XP level 16. HP: 147/147 MP: 16/16
 23918 | Orc:2    | Found Ycuthy's Antique Weapon Shoppe.
 23937 | Orc:2    | Reached skill level 15 in Fighting
 23965 | Orc:2    | Found Ipnunec's Book Emporium.
 24032 | Orc:2    | Found a staircase to the Elven Halls.
 24087 | Orc:2    | Found Catz's Antique Armour Shop.
 24125 | Orc:2    | Found Wiumm's Jewellery Emporium.
 24559 | Orc:2    | Bought an uncursed amulet of regeneration for 360 gold
                  | pieces
 24595 | Elf:1    | Entered Level 1 of the Elven Halls
 24762 | Elf:1    | Received a gift from Trog
 25545 | Elf:2    | Reached skill level 22 in Axes
 25598 | Elf:2    | Received a gift from Trog
 25661 | Elf:2    | Found Xessoag's Book Shop.
 25909 | Elf:2    | Found a runed translucent gate.
 25909 | Elf:2    | Found a runed translucent gate.
 25909 | Elf:2    | Found a runed translucent gate.
 25981 | Elf:2    | Reached XP level 17. HP: 130/158 MP: 7/17
 26247 | Elf:3    | Entered Level 3 of the Elven Halls
 27082 | Elf:3    | Reached skill level 23 in Axes
 27258 | Elf:3    | Received a gift from Trog
 27278 | Elf:3    | Reached skill level 15 in Armour
 27308 | Elf:3    | Identified the +9 flail "Niadwuy" {freeze, rC+}
 27308 | Elf:3    | Identified the ring of Sivoexouri {rF+++ MR+ Int+4 Dex+3
                  | SInv}
 27319 | Elf:3    | Noticed a deep elf blademaster
 27337 | Elf:3    | Killed a deep elf blademaster
 27337 | Elf:3    | Identified the cursed ring "Kauj" {rPois Dex-3}
 27345 | Elf:3    | Killed a ghostly deep elf blademaster
 27346 | Elf:3    | Noticed a deep elf master archer
 27377 | Elf:3    | Killed a deep elf master archer
 27560 | Elf:3    | Identified the +8 war axe of the Dead {drain, *Corrode
                  | Str+4 Int-4 Dex+5}
 27560 | Elf:3    | Identified the amulet of Pimikh {RegenMP MR+}
 27612 | Elf:3    | Noticed a deep elf blademaster
 27612 | Elf:3    | Noticed a deep elf master archer
 27614 | Elf:3    | Identified the ring of the Shining Light {Fire Dex+2}
 27614 | Elf:3    | Noticed a deep elf blademaster
 27627 | Elf:3    | Killed a deep elf blademaster
 27627 | Elf:3    | Reached XP level 18. HP: 147/168 MP: 7/18
 27630 | Elf:3    | Killed a deep elf blademaster
 27635 | Elf:3    | Killed a deep elf master archer
 27699 | Elf:3    | Found the +4 dagger "Morg" {pain, MR+ Int+5}
 28102 | Swamp:1  | Entered Level 1 of the Swamp
 28192 | Swamp:1  | Found the +3 warlock's mirror {reflect}
 29674 | Swamp:3  | Reached skill level 24 in Axes
 30042 | Swamp:3  | Found a runed translucent door.
 30044 | Swamp:3  | Noticed EtherCrawl's ghost (journeyman MiBe)
 30345 | Swamp:3  | Killed EtherCrawl's ghost
 30345 | Swamp:3  | Received a gift from Trog
 30618 | Swamp:4  | Entered Level 4 of the Swamp
 32134 | Swamp:4  | Got a decaying rune of Zot
 32807 | Spider:1 | Entered Level 1 of the Spider Nest
 32811 | Spider:1 | Noticed Kirke
 32821 | Spider:1 | Reached XP level 19. HP: 135/177 MP: 19/19
 32828 | Spider:1 | Killed Kirke
 32843 | Spider:1 | Received a gift from Trog
 33550 | Spider:2 | Reached skill level 25 in Axes
 33632 | Spider:2 | Identified Roxanne's Handbook of Shape Shifting
 33632 | Spider:2 | Noticed Roxanne
 33659 | Spider:2 | Killed Roxanne
 34169 | Spider:2 | Received a gift from Trog
 34258 | Spider:2 | Identified the +6 executioner's axe of the Dead {chop, rF+
                  | rC+ Int-3 Dex+4} (Trog gifted it to you on level 2 of the
                  | Spider Nest)
 34292 | Spider:2 | You fall through a shaft!
 34318 | Spider:3 | Paralysed by a hornet for 1 turns
 34320 | Spider:3 | HP: 8/179 [redback[a torpor snail] (8)]
 34320 | Spider:3 | HP: 3/179 [hornet (5)]
 34680 | Spider:3 | Received a gift from Trog
 35326 | Spider:4 | Entered Level 4 of the Spider Nest
 35511 | Spider:4 | Received a gift from Trog
 35839 | Spider:4 | Got a gossamer rune of Zot
 35938 | Spider:4 | Reached XP level 20. HP: 182/189 MP: 20/20
 36621 | Vaults:1 | Entered Level 1 of the Vaults
 36699 | Vaults:1 | Found Musibiom's Assorted Antiques.
 36711 | Vaults:1 | Bought a scroll of enchant weapon for 330 gold pieces
 36712 | Vaults:1 | Bought a potion of curing for 132 gold pieces
 36712 | Vaults:1 | Bought a scroll of blinking for 330 gold pieces
 36712 | Vaults:1 | Bought a potion of curing for 132 gold pieces
 36712 | Vaults:1 | Bought a potion of resistance for 440 gold pieces
 36969 | Vaults:1 | Reached skill level 26 in Axes
 37000 | Vaults:1 | Received a gift from Trog
 37482 | Vaults:1 | Found Lim Ibby's Assorted Antiques.
 37490 | Vaults:1 | Bought a scroll of enchant weapon for 307 gold pieces
 37491 | Vaults:1 | Bought a potion of curing for 123 gold pieces
 37491 | Vaults:1 | Bought a scroll of magic mapping for 143 gold pieces
 37491 | Vaults:1 | Bought a scroll of identify for 82 gold pieces
 37491 | Vaults:1 | Bought a potion of might for 164 gold pieces
 37491 | Vaults:1 | Bought a scroll of identify for 82 gold pieces
 37570 | Vaults:1 | Found Qarukodd's Book Emporium.
 37597 | Vaults:1 | Reached skill level 1 in Evocations
 37673 | Vaults:1 | Reached skill level 5 in Shields
 38092 | Vaults:2 | Found Miett's Antique Weapon Emporium.
 38348 | Vaults:2 | Received a gift from Trog
 38537 | Vaults:2 | Identified the +6 glaive of Extinguishment {freeze, rF+ rN+
                  | MR+}
 38667 | Vaults:2 | Reached XP level 21. HP: 120/196 MP: 23/23
 39249 | Vaults:3 | Found a large runed translucent door.
 39249 | Vaults:3 | Found a large runed translucent door.
 39249 | Vaults:3 | Found a large runed translucent door.
 39249 | Vaults:3 | Found a large runed translucent door.
 39249 | Vaults:3 | Found a large runed translucent door.
 39249 | Vaults:3 | Found a large runed translucent door.
 39249 | Vaults:3 | Noticed AgonHex's ghost (veteran HOFi)
 39250 | Vaults:3 | Found a large runed translucent door.
 39250 | Vaults:3 | Found a large runed translucent door.
 39370 | Vaults:3 | Received a gift from Trog
 39387 | Vaults:3 | Found a staircase to the Crypt.
 40002 | Vaults:3 | Received a gift from Trog
 40002 | Vaults:3 | Reached skill level 27 in Axes
 40002 | Vaults:3 | Reached skill level 5 in Evocations
 40800 | Vaults:4 | Received a gift from Trog
 40805 | Vaults:4 | Identified the +9 war axe of Forgiveness {antimagic, Int+4}
                  | (Trog gifted it to you on level 4 of the Vaults)
 40897 | Vaults:4 | Found Xaipsiguko's Antique Weapon Emporium.
 41529 | D:4      | Killed matthes123's ghost
 41803 | Depths:1 | Entered Level 1 of the Depths
 41810 | Depths:1 | Found Qiof's Jewellery Shop.
 41812 | Depths:1 | Found Tiggu's Jewellery Shop.
 41818 | Depths:1 | Found Moutsose's Book Shop.
 41818 | Depths:1 | Found Tet Woimn's Armour Shop.
 41822 | Depths:1 | Reached XP level 22. HP: 184/206 MP: 26/26
 41826 | Depths:1 | Found a gateway to a ziggurat.
 41837 | Depths:1 | Bought the amulet of Mechus {MR+ Regen+ Str+2 Int+2} for
                  | 765 gold pieces
 41924 | Depths:1 | Found a shimmering altar of Xom.
 42042 | Depths:1 | Found a radiant altar of Vehumet.
 42067 | Depths:1 | Found a gateway to Hell.
 42627 | Depths:3 | Received a gift from Trog
 42898 | Depths:2 | Noticed a golden dragon
 42906 | Depths:2 | Killed a golden dragon
 42978 | Depths:2 | Reached skill level 10 in Shields
 43130 | Depths:2 | Reached skill level 15 in Dodging
 43446 | Depths:2 | Found a one-way gate to the infinite horrors of the Abyss.
 43592 | Depths:2 | Found Woakerhefro's Gadget Shop.
 43593 | Depths:2 | Found Suriun's Jewellery Emporium.
 43594 | Depths:2 | Found Tubu's Gadget Shop.
 43896 | Depths:2 | Got a twitching tin ring
 43897 | Depths:2 | Identified the ring "Gegioji" {rF+ rN+ MP+9 Dex+2} (You
                  | found it on level 2 of the Depths)
 44143 | Depths:3 | Reached XP level 23. HP: 203/217 MP: 28/28
 44178 | Depths:3 | Received a gift from Trog
 44372 | Depths:3 | Identified the +6 chain mail of Restlessness {rN+} (You
                  | found it on level 3 of the Depths)
 44810 | Depths:3 | Got a shimmering iron ring
 44811 | Depths:3 | Identified the ring of Testrul {rN+ Stlth-} (You found it
                  | on level 3 of the Depths)
 44960 | Depths:3 | Got a wavering golden ring
 44961 | Depths:3 | Identified the ring of Semoamergh {rC+ MR++ Str+3 Dex-2}
                  | (You found it on level 3 of the Depths)
 45149 | Depths:3 | Found a one-way gate leading to the halls of Pandemonium.
 45636 | Temple   | Fell from the grace of Trog
 45636 | Temple   | Became a worshipper of the Shining One
 46033 | Crypt:1  | Entered Level 1 of the Crypt
 46102 | Crypt:1  | Reached * piety under the Shining One
 46115 | Crypt:1  | Reached skill level 1 in Invocations
 46130 | Crypt:1  | Reached ** piety under the Shining One
 46187 | Crypt:1  | Reached *** piety under the Shining One
 46225 | Crypt:1  | Reached skill level 5 in Invocations
 46231 | Crypt:1  | Reached **** piety under the Shining One
 46430 | Crypt:1  | Found the +12 Vampire's Tooth {vamp}
 46549 | Crypt:1  | Reached ***** piety under the Shining One
 46573 | Crypt:1  | Noticed Aizul
 46584 | Crypt:1  | Killed Aizul
 47292 | Crypt:2  | Paralysed by Trog for 2 turns
 47564 | Crypt:3  | Entered Level 3 of the Crypt
 47564 | Crypt:3  | Reached ****** piety under the Shining One
 47583 | Crypt:3  | Reached XP level 24. HP: 228/228 MP: 29/29
 47714 | Crypt:3  | Identified a +9 broad axe of holy wrath (a +9 broad axe of
                  | freezing blessed by the Shining One)
 47714 | Crypt:3  | Received a gift from the Shining One
 47759 | Crypt:3  | Reached skill level 10 in Invocations
 47821 | Crypt:3  | Found a basalt altar of Yredelemnul.
 47821 | Crypt:3  | Noticed an ancient lich
 47828 | Crypt:3  | Killed an ancient lich
 48203 | Crypt:3  | Found a staircase to the Tomb.
 48572 | Vaults:1 | Paralysed by Trog for 7 turns
 49019 | Depths:4 | Noticed a caustic shrike
 49372 | Depths:4 | Noticed Louise
 49393 | Depths:4 | Killed Louise
 49653 | Depths:4 | Identified the +3 battleaxe "Leopnuga" {vamp, Dex+4}
 49672 | Depths:4 | Reached skill level 15 in Invocations
 49754 | Depths:4 | Killed a caustic shrike
 49935 | Depths:4 | Identified the cursed +1 demon blade of Oenomania {elec,
                  | Str+2}
 49935 | Depths:4 | Identified the +1 ring mail of the Trees {rN+ Str+2}
 49960 | Depths:4 | Reached XP level 25. HP: 226/240 MP: 34/34
 50246 | Depths:5 | Entered Level 5 of the Depths
 50272 | Depths:5 | Found Baihixoo's Antique Weapon Emporium.
 50472 | Depths:5 | Found Ydoim's Book Shoppe.
 50527 | Depths:5 | Bought a book of Spatial Translocations for 1235 gold
                  | pieces
 50530 | Depths:5 | Learned a level 2 spell: Blink
 50533 | Depths:5 | Learned a level 2 spell: Shroud of Golubria
 50536 | Depths:5 | Learned a level 2 spell: Song of Slaying
 50540 | Depths:5 | Learned a level 3 spell: Spectral Weapon
 50545 | Depths:5 | Learned a level 4 spell: Passage of Golubria
 50562 | Depths:5 | Found Xool's Armour Shop.
 50612 | Depths:5 | Reached skill level 1 in Charms
 50617 | Depths:5 | Reached skill level 1 in Translocations
 51074 | Depths:5 | Reached skill level 1 in Spellcasting
 51084 | Depths:5 | Found a gate to the Realm of Zot.
 51174 | Depths:5 | Found a shadowy altar of Dithmenos.
 51266 | Depths:5 | Found Elizin's Distillery.
 51274 | Depths:5 | Bought a potion of berserk rage for 100 gold pieces
 51274 | Depths:5 | Bought a potion of curing for 60 gold pieces
 51274 | Depths:5 | Bought a potion of might for 80 gold pieces
 51274 | Depths:5 | Bought a potion of heal wounds for 100 gold pieces
 51274 | Depths:5 | Bought a potion of might for 80 gold pieces
 51274 | Depths:5 | Bought a potion of haste for 200 gold pieces
 55883 | Pan      | Entered Pandemonium
 55987 | Pan      | Entered the realm of Lom Lobon.
 56120 | Pan      | Noticed Mennas
 56183 | Pan      | Killed Mennas
 56585 | Pan      | Found the +3 pair of gauntlets of War {Slay+5}
 56627 | Pan      | Noticed Lom Lobon
 56642 | Pan      | Killed Lom Lobon
 56650 | Pan      | Got a magical rune of Zot
 57099 | Pan      | Reached XP level 26. HP: 246/251 MP: 36/36
 57192 | Pan      | Paralysed by Trog for 5 turns
 57318 | Pan      | Noticed Ojitosom the pandemonium lord
 57632 | Pan      | Got a demonic rune of Zot
 57635 | Pan      | Entered the realm of Gloorx Vloq.
 57683 | Pan      | Paralysed by Trog for 6 turns
 57697 | Pan      | Found an exit through the horrors of the Abyss.
 57766 | Pan      | Noticed Gloorx Vloq
 57779 | Pan      | Killed Gloorx Vloq
 57779 | Pan      | Reached skill level 5 in Charms
 57901 | Pan      | Paralysed by Trog for 3 turns
 57904 | Pan      | Got a dark rune of Zot
 58397 | Pan      | Reached skill level 5 in Translocations
 58847 | Pan      | Gained mutation: You do not regenerate when monsters are
                  | visible. [a neqoxec]
 59121 | Pan      | Gained mutation: You are very clumsy. (Dex -4) [a neqoxec]
 59122 | Pan      | Gained mutation: You are often teleported next to monsters.
                  | [a neqoxec]
 59126 | Pan      | Reached skill level 5 in Spellcasting
 59144 | Pan      | Lost mutation: You are very clumsy. (Dex -4) [potion of
                  | mutation]
 59144 | Pan      | Lost mutation: Your system is resistant to poisons. (rPois)
                  | [potion of mutation]
 59144 | Pan      | Gained mutation: You are very clumsy. (Dex -4) [potion of
                  | mutation]
 59144 | Pan      | Gained mutation: You have a pair of small horns on your
                  | head. [potion of mutation]
 59160 | Pan      | Gained mutation: Your magical capacity is low. (-10% MP)
                  | [mutagenic glow]
 59298 | Pan      | Was forgiven by Trog
 59424 | Pan      | Lost mutation: Your magical capacity is low. (-10% MP)
                  | [potion of mutation]
 59424 | Pan      | Lost mutation: You are very clumsy. (Dex -4) [potion of
                  | mutation]
 59424 | Pan      | Gained mutation: Your flesh is cold resistant. (rC+)
                  | [potion of mutation]
 59424 | Pan      | Gained mutation: Your system is resistant to poisons.
                  | (rPois) [potion of mutation]
 59425 | Pan      | Lost mutation: You do not regenerate when monsters are
                  | visible. [potion of mutation]
 59425 | Pan      | Lost mutation: You have a pair of small horns on your head.
                  | [potion of mutation]
 59425 | Pan      | Lost mutation: Your mind is acute. (Int +2) [potion of
                  | mutation]
 59425 | Pan      | Gained mutation: Your mind is acute. (Int +2) [potion of
                  | mutation]
 59425 | Pan      | Gained mutation: You are frail. (-10% HP) [potion of
                  | mutation]
 59425 | Pan      | Gained mutation: Your muscles are strong. (Str +2) [potion
                  | of mutation]
 59426 | Pan      | Lost mutation: Your muscles are strong. (Str +2) [potion of
                  | mutation]
 59426 | Pan      | Lost mutation: Your mind is acute. (Int +2) [potion of
                  | mutation]
 59426 | Pan      | Lost mutation: Your flesh is cold resistant. (rC+) [potion
                  | of mutation]
 59426 | Pan      | Lost mutation: You are frail. (-10% HP) [potion of
                  | mutation]
 59426 | Pan      | Gained mutation: Your mind is acute. (Int +2) [potion of
                  | mutation]
 59426 | Pan      | Gained mutation: You are somewhat resistant to further
                  | mutation. [potion of mutation]
 59427 | Pan      | Lost mutation: You are clumsy. (Dex -2) [potion of
                  | mutation]
 59427 | Pan      | Lost mutation: You are occasionally teleported next to
                  | monsters. [potion of mutation]
 59427 | Pan      | Gained mutation: You have a pair of small antennae on your
                  | head. [potion of mutation]
 59443 | Pan      | Noticed Vinegaxt the pandemonium lord
 59462 | Pan      | Killed Vinegaxt the pandemonium lord
 59525 | Depths:3 | Escaped Pandemonium
 59529 | Depths:3 | Slain by an angel

Skill      XL: |  1  2  3  4  5  6  7  8  9 10 11 12 13 14 15 16 17 18 19 20 21 22 23 24 25 26 |
---------------+-------------------------------------------------------------------------------+-----
Fighting       | 4 5 6 7 8 9 10 11 12 13 14 15 16 17 18 19 20 21 22 23 | 23.8
Dodging        | 2 3 4 5 6 7 8 9 10 11 12 13 14 15 16 | 16.0
Axes           | 5 6 7 8 10 11 13 15 16 18 19 21 22 23 24 25 26 27 | 27.0
Armour         | 3 4 5 6 8 9 10 11 12 13 14 15 16 17 18 19 20 21 | 21.0
Shields        | 3 4 6 8 10 12 | 12.0
Evocations     | 3 6 7 |  7.0
Invocations    | 8 15 18 20 | 20.1
Charms         | 4 6 |  6.4
Translocations | 3 5 |  5.9
Spellcasting   | 3 5 |  5.3

Action                   |  1- 3 |  4- 6 |  7- 9 | 10-12 | 13-15 | 16-18 | 19-21 | 22-24 | 25-27 || total
-------------------------+-------+-------+-------+-------+-------+-------+-------+-------+-------++-------
Melee: Hand axe          |    90 |   175 |   506 |   686 |   498 |       |       |       |       ||  1955
       Unarmed           |    23 |       |       |       |       |       |       |       |       ||    23
       Flail             |       |       |       |    44 |    21 |       |       |       |       ||    65
       Broad axe         |       |       |       |       |   386 |  1162 |  1343 |  1375 |   808 ||  5074
       Headbutt          |       |       |       |       |       |       |       |       |     1 ||     1
Invok: Berserk           |       |     3 |    13 |    10 |    11 |    15 |     2 |     1 |       ||    55
       Trog's Hand       |       |       |     1 |     2 |     2 |    11 |     8 |     7 |       ||    31
       Divine Shield     |       |       |       |       |       |       |       |     1 |     1 ||     2
       Brand Weapon With |       |       |       |       |       |       |       |     1 |       ||     1
       Cleansing Flame   |       |       |       |       |       |       |       |       |     2 ||     2
 Abil: Blink             |       |       |     2 |       |       |       |       |       |       ||     2
       Stop Flying       |       |       |       |     1 |       |       |       |     2 |     1 ||     4
       Evoke Flight      |       |       |       |       |       |       |       |     2 |     1 ||     3
Evoke: Wand              |       |       |       |       |     3 |     2 |     2 |       |       ||     7
       Lightning rod     |       |       |       |       |     3 |       |     3 |       |       ||     6
       Phial of floods   |       |       |       |       |       |     1 |       |       |       ||     1
       Lamp of fire      |       |       |       |       |       |       |     1 |       |       ||     1
  Use: Potion            |       |       |     4 |     2 |       |       |     2 |       |     8 ||    16
       Scroll            |       |       |    11 |    13 |    13 |    11 |    10 |    18 |     7 ||    83
 Stab: Confused          |       |       |       |       |       |     2 |       |       |       ||     2
       Held in net/web   |       |       |       |       |       |       |     1 |       |       ||     1
       Distracted        |       |       |       |       |       |       |     1 |       |       ||     1
  Eat: Chunk             |     1 |     7 |    21 |    22 |    32 |    19 |     5 |       |       ||   107
       Ration            |       |     1 |     1 |     2 |     4 |    11 |     7 |    12 |     9 ||    47
Armor: Animal skin       |     3 |       |       |       |       |       |       |       |       ||     3
       Ring mail         |    22 |       |       |       |       |       |       |       |       ||    22
       Scale mail        |     1 |    72 |       |       |       |       |       |       |       ||    73
       Chain mail        |       |    24 |   235 |   329 |   285 |   366 |   525 |    84 |       ||  1848
       Plate armour      |       |       |       |       |       |   214 |       |       |       ||   214
       Gold dragon scale |       |       |       |       |       |       |       |   602 |   633 ||  1235
Dodge: Dodged            |    87 |    85 |   212 |   366 |   544 |   730 |   729 |   606 |   487 ||  3846
       Deflected         |       |       |     8 |     5 |     8 |    46 |    41 |    30 |     9 ||   147
Block: Buckler           |       |       |    38 |   108 |   198 |   378 |   423 |   525 |   419 ||  2089
       Reflection        |       |       |       |       |       |     6 |    41 |    40 |    17 ||   104
